 Dungeon Crawl Stone Soup version 0.31-a0-1074-g0b22e4e0f1 (webtiles) character file.

Game seed: 13943786672259448021

5828 Anonymone the Conjurer (level 10, 0/63 HPs)
             Began as a Demonspawn Venom Mage on Dec 3, 2023.
             Was a Believer of Vehumet.
             Slain by an ice devil (14 damage)
             ... summoned by a kobold demonologist
             ... on level 10 of the Dungeon.
             The game lasted 00:40:36 (12014 turns).

Anonymone the Conjurer (Demonspawn Venom Mage)     Turns: 12014, Time: 00:40:38

Health: 0/63       AC:  9    Str:  9    XL:     10   Next: 51%
Magic:  18/19      EV: 13    Int: 20    God:    Vehumet [**....]
Gold:   624        SH:  4    Dex: 14    Spells: 0/21 levels left

rFire   + . .        e - +2 whip (spect)
rCold   . . .        (no shield)
rNeg    . . .        a - +1 robe
rPois   .            (no helmet)
rElec   .            (no cloak)
rCorr   .            (no gloves)
SInv    .            (no boots)
Will    .....        (no amulet)
Stlth   ++           t - ring of protection from fire
HPRegen 0.30/turn    (no ring)
MPRegen 0.16/turn

%: no passive effects
@: no status effects
A: thin metallic scales 1, icemail 1, powered by pain 1, augmentation 1,
condensation shield, demonic touch 2
a: Renounce Religion


You were on level 10 of the Dungeon.
You worshipped Vehumet.
Vehumet was pleased with you.
You visited 2 branches of the dungeon, and saw 11 of its levels.

You collected 624 gold pieces.

Inventory:

Hand Weapons
 e - a +2 spectral whip (weapon)
 g - a +4 dagger of venom
 A - a +2 whip of freezing
Missiles
 p - 7 silver javelins
Armour
 a - a +1 robe (worn)
 u - a +0 pair of boots
Magical Staves
 w - a staff of air
Jewellery
 k - a ring of fire
 t - a ring of protection from fire (left hand)
Talismans
 c - a beast talisman
 i - a blade talisman
Wands
 q - a wand of light (9)
 s - a wand of flame (42)
 B - a wand of roots (7)
Scrolls
 d - a scroll of fog
 l - 7 scrolls of identify
 m - a scroll of brand weapon
 r - a scroll of vulnerability
 v - a scroll of blinking
 x - a scroll of teleportation
Potions
 b - 4 potions of magic
 f - 2 potions of attraction
 h - a potion of ambrosia
 j - 4 potions of curing
 n - a potion of lignification
 o - a potion of resistance


   Skills:
 - Level 3.1 Dodging
 - Level 1.7 Stealth
 - Level 6.3 Spellcasting
 - Level 7.2 Conjurations
 - Level 5.0 Translocations
 - Level 0.8 Transmutations
 - Level 4.7 Fire Magic
 - Level 6.0 Air Magic
 * Level 0.0 Earth Magic
 - Level 7.0 Poison Magic


You couldn't memorise any spells.
You knew the following spells:

 Your Spells              Type           Power      Damage    Failure   Level
a - Sting                 Tmut/Pois      88%        1d7       1%          1
b - Poisonous Vapours     Pois/Air       64%        N/A       1%          2
c - Iskenderun's Mystic   Conj/Tloc      30%        2d8       9%          4
d - Mephitic Cloud        Conj/Pois/Air  33%        N/A       1%          3
e - Blink                 Tloc           52%        N/A       1%          2
f - Olgreb's Toxic Radia  Pois           34%        N/A       5%          4
g - Lee's Rapid Deconstr  Erth           3%         3d5*      95%         5

Your spell library contained the following spells:

 Spells                   Type           Power      Damage    Failure   Level
 Freeze                   Ice            24%        1d4       10%         1
 Magic Dart               Conj           100%       1d8       1%          1
 Lesser Beckoning         Tloc           52%        N/A       1%          2
 Momentum Strike          Conj/Tloc      60%        3d9       1%          2
 Volatile Blastmotes      Fire/Tloc      50%        2d14      4%          3
 Dazzling Flash           Conj/Hex       40%        N/A       7%          3
 Summon Small Mammal      Summ           24%        N/A       10%         1
 Call Imp                 Summ           12%        N/A       16%         2
 Fulminant Prism          Conj/Hex       10%        3d9       22%         4
 Summon Lightning Spire   Summ/Air       18%        N/A       28%         4
 Call Canine Familiar     Summ           6%         N/A       30%         3
 Sigil of Binding         Hex            6%         N/A       30%         3
 Summon Guardian Golem    Hex/Summ       6%         N/A       30%         3
 Dimensional Bullseye     Hex/Tloc       8%         N/A       34%         4
 Animate Armour           Summ/Erth      12%        N/A       69%         4
 Leda's Liquefaction      Hex/Erth       3%         N/A       69%         4
 Starburst                Conj/Fire      15%        6d6       80%         6
 Maxwell's Capacitive Co  Air            15%        ∞         100%        8


Dungeon Overview and Level Annotations

Branches:
Dungeon (10/15)            Temple (1/1) D:4             Orc (0/2) D:10
   Lair: D:8-11

Altars:
Ashenzari
Cheibriados
Dithmenos
Fedhas
Gozag
Hepliaklqana
Kikubaaqudgha
Makhleb
Nemelex Xobeh
Okawaru
Qazlal
Ru
Sif Muna
Trog
Uskayaw
Vehumet
Wu Jian
Xom
Yredelemnul

Annotations:
D:8 1 runed translucent door, Amaemon; Eugor's ghost, novice DjFE
D:9 3 runed translucent doors
D:10 2 transporters


Innate Abilities, Weirdness & Mutations

You are partially covered in thin metallic scales. (AC +2)
A meltable icy envelope protects you from harm. (AC +4)
You sometimes gain a little power by taking damage.
Your magical and physical power is slightly enhanced at high health.
A meltable shield of frost defends you. (SH +4)
Your touch may inflict irresistible damage on your foes.


Message History

The sting hits the kobold demonologist.
The kobold demonologist is poisoned.
The kobold demonologist is lightly wounded.
The sting hits the kobold demonologist but does no damage.
The kobold demonologist looks even sicker.
The kobold demonologist is lightly wounded.
The sting hits the kobold demonologist.
The kobold demonologist looks even sicker.
The kobold demonologist is lightly wounded.
The kobold demonologist mumbles some strange words.
You hit the kobold demonologist.
The kobold demonologist is moderately wounded.
The kobold demonologist hits you but does no damage.
The ice devil hits you but does no damage.
You hit the kobold demonologist.
The kobold demonologist is moderately wounded.
The kobold demonologist closely misses you.
The ice devil misses you.
The sting misses the kobold demonologist.
The kobold demonologist completely misses you.
The ice devil hits you. The ice devil freezes you!
You focus on the pain.
You feel your power returning.
The sting hits the kobold demonologist!
The kobold demonologist looks as sick as possible!
The kobold demonologist is heavily wounded.
The kobold demonologist gestures wildly while chanting.
The ice devil hits you. The ice devil freezes you!!
You are too injured to fight recklessly!
Unknown command.
You are too injured to fight recklessly!
You closely miss the kobold demonologist.
The kobold demonologist is heavily wounded.
The kobold demonologist hits you but does no damage.
You block the ice devil's attack.
You hit the kobold demonologist.
The kobold demonologist is severely wounded.
The kobold demonologist casts a spell.
The ice devil hits you!
* * * LOW HITPOINT WARNING * * *
The ice devil freezes you!
You die...

##################
#55K@4...........#
#.5#######.#####.#
#3 #.# #.# # #.#
#.# #.# #.# #.#
#.# #.# #.# #.#
#.# #># #[#


You could see a sun demon (summoned), an ice devil (summoned), a kobold
demonologist (very poisoned), an iron imp (summoned), a quasit (summoned) and a
white imp (summoned).

Vanquished Creatures
  A gargoyle (D:10)
  A troll (D:9)
  A hornet (D:9)
  Sigmund (D:4)
  A wraith (D:10)
  A steam dragon (D:7)
  A shadow (D:10)
  A wyvern (D:10)
  10 yaks
  A water moccasin (D:7)
  Duvessa (D:4)
  An ice beast (D:8)
  A sky beast (D:7)
  Pargi (D:4)
  An ogre (D:6)
  4 centaurs
  2 phantoms
  5 kobold brigands
  4 bullfrogs
  A gnoll sergeant (D:10)
  4 scorpions
  Dowan (D:4)
  A vampire bat (D:3)
  A howler monkey (D:5)
  A jelly (D:7)
  5 orc priests
  3 hounds
  6 iguanas
  3 sleepcaps
  5 orc wizards
  8 gnolls
  4 adders
  A shadow imp (D:5)
  3 white imps
  6 dart slugs
  3 fire bats (D:3)
  11 orcs
  2 spectral bats (D:3)
  11 bats
  3 bat skeletons (D:3)
  A bat zombie (D:3)
  8 endoplasms
  5 giant cockroaches
  5 goblins
  4 hobgoblins
  2 quokkas (D:3)
  10 ball pythons
  A bat simulacrum (D:3)
  3 frilled lizards
  29 kobolds
  7 rats
197 creatures vanquished.

Vanquished Creatures (others)
  3 orcs (D:7)
3 creatures vanquished.

Grand Total: 200 creatures vanquished

Notes
Turn   | Place    | Note
-------+----------+-------------------------------------------
     0 | D:1      | Anonymone the Demonspawn Venom Mage began the quest for the
                  | Orb.
     0 | D:1      | Reached XP level 1. HP: 13/13 MP: 3/3
   227 | D:1      | Gained mutation: Your touch may inflict minor irresistible
                  | damage on your foes. [demonic ancestry]
   227 | D:1      | Reached XP level 2. HP: 17/19 MP: 0/5
   378 | D:1      | Learned a level 2 spell: Poisonous Vapours
   787 | D:1      | Gained mutation: A meltable shield of frost defends you.
                  | (SH +4) [demonic ancestry]
   787 | D:1      | Reached XP level 3. HP: 24/24 MP: 2/7
  2194 | D:3      | Found a faded altar of an unknown god.
  2503 | D:3      | Reached skill level 1 in Air Magic
  2534 | D:3      | Gained mutation: A meltable icy envelope protects you from
                  | harm. (AC +4) [demonic ancestry]
  2534 | D:3      | Reached XP level 4. HP: 30/30 MP: 5/8
  2651 | D:3      | Learned a level 3 spell: Volatile Blastmotes
  2909 | D:4      | Gained mutation: You sometimes gain a little power by
                  | taking damage. [demonic ancestry]
  2909 | D:4      | Reached XP level 5. HP: 35/35 MP: 6/9
  2924 | D:4      | Reached skill level 1 in Fire Magic
  3051 | D:4      | Noticed Duvessa
  3051 | D:4      | Noticed Dowan
  3794 | D:5      | Entered Level 5 of the Dungeon
  3907 | D:5      | Found an opulent altar of Gozag.
  3946 | D:5      | Gained mutation: You are partially covered in thin metallic
                  | scales. (AC +2) [demonic ancestry]
  3946 | D:5      | Reached XP level 6. HP: 41/41 MP: 7/10
  4004 | D:5      | Found a stormy altar of Qazlal.
  4379 | D:5      | Found a snail-covered altar of Cheibriados.
  4516 | D:5      | Found an iron altar of Okawaru.
  4646 | D:5      | Noticed a yak
  4646 | D:5      | Noticed a yak
  4646 | D:5      | Noticed a yak
  4794 | D:5      | Learned a level 3 spell: Mephitic Cloud
  4844 | D:4      | Found a hide-covered altar of Uskayaw.
  4939 | D:4      | Found a staircase to the Ecumenical Temple.
  4964 | Temple   | Entered the Ecumenical Temple
  4969 | Temple   | Became a worshipper of Vehumet
  5000 | D:4      | Reached XP level 7. HP: 46/46 MP: 4/11
  5001 | D:4      | Reached skill level 1 in Translocations
  5468 | D:4      | Noticed Sigmund
  5544 | D:4      | Noticed Pargi
  5552 | D:4      | Killed Pargi
  6234 | D:5      | Noticed a yak
  6234 | D:5      | Noticed a yak
  6245 | D:5      | Killed a yak
  6255 | D:5      | Killed a yak
  6256 | D:5      | Reached XP level 8. HP: 51/52 MP: 3/12
  6265 | D:5      | Reached skill level 5 in Air Magic
  6363 | D:6      | Learned a level 2 spell: Blink
  6515 | D:6      | Found a shimmering altar of Xom.
  6640 | D:6      | Learned a level 4 spell: Iskenderun's Mystic Blast
  7178 | D:6      | Found a bloodstained altar of Trog.
  7401 | D:7      | Found a faded altar of an unknown god.
  7401 | D:7      | Found a broken altar of Ashenzari.
  7408 | D:7      | Found a faded altar of an unknown god.
  7410 | D:7      | Found a shadowy altar of Dithmenos.
  7411 | D:7      | Found a sacrificial altar of Ru.
  7770 | D:7      | Gained mutation: Your touch may inflict irresistible damage
                  | on your foes. [demonic ancestry]
  7770 | D:7      | Reached XP level 9. HP: 53/57 MP: 3/13
  7783 | D:7      | Reached skill level 5 in Conjurations
  8052 | D:7      | Reached * piety under Vehumet
  8052 | D:7      | Offered knowledge of Sandblast by Vehumet.
  8803 | D:4      | Killed Dowan
  8943 | D:4      | Killed Sigmund
  9103 | D:4      | Killed Duvessa
  9674 | D:8      | Reached skill level 5 in Translocations
  9708 | D:8      | Noticed Eugor's ghost (novice DjFE)
  9798 | D:8      | Noticed an orange demon
  9937 | D:8      | Found a runed translucent door.
  9944 | D:8      | Noticed Amaemon
 10137 | D:9      | Reached skill level 5 in Spellcasting
 10167 | D:9      | Gained mutation: Your magical and physical power is
                  | slightly enhanced at high health. [demonic ancestry]
 10167 | D:9      | Reached XP level 10. HP: 26/63 MP: 2/18
 10438 | D:9      | Learned a level 4 spell: Olgreb's Toxic Radiance
 10481 | D:9      | Offered knowledge of Freeze by Vehumet.
 10490 | D:9      | Reached ** piety under Vehumet
 10802 | D:9      | Found a runed translucent gate.
 10802 | D:9      | Found a runed translucent gate.
 10806 | D:9      | Found a runed translucent gate.
 10806 | D:9      | Noticed a cyan ugly thing
 10808 | D:9      | Noticed a red ugly thing
 10808 | D:9      | Noticed a white ugly thing
 10808 | D:9      | Noticed a green ugly thing
 10808 | D:9      | Noticed a green ugly thing
 10808 | D:9      | Noticed a white ugly thing
 10809 | D:9      | Noticed a glowing orange brain
 11314 | D:10     | Entered Level 10 of the Dungeon
 11322 | D:10     | Reached skill level 5 in Poison Magic
 11362 | D:10     | Found a transporter.
 11362 | D:10     | Found a transporter.
 11363 | D:10     | Noticed a boulder beetle
 11397 | D:10     | Noticed a gargoyle
 11419 | D:10     | Found an ornate altar of the Wu Jian Council.
 11504 | D:10     | Found a hazy altar of Hepliaklqana.
 11554 | D:10     | Noticed a two-headed ogre
 11560 | D:10     | Killed a gargoyle
 11887 | D:10     | Learned a level 5 spell: Lee's Rapid Deconstruction
 11915 | D:10     | Found a staircase to the Orcish Mines.
 12014 | D:10     | Slain by an ice devil

Illustrated notes

Levels and vault maps discovered:
D:1:      wander_arrival_lonely_grave, layout_basic
D:2:      layout_rooms
D:3:      layout_rooms, ebering_ecumenical_altar_hall, minmay_liquid_box,
          goddamned_bats
D:4:      layout_loops_corners, overflow_temple_1_default,
          minmay_temple_entry_arrows, uniq_duvessa, uniq_pargi, uniq_sigmund
D:5:      layout_rooms, kennysheep_mini, mainiacjoe_overflow_catwalk,
          hangedman_feature_mirror, nicolae_sextant, kennysheep_small_spiral
D:6:      layout_gridville, nicolae_overflow_crystal_walls, lemuel_doored_altar
D:7:      layout_basic, chequers_temple_overflow_minitemple, wad_floor_pattern_2
D:8:      layout_cave_pools, zin_scriptorium, hellmonk_ghost_big_iron,
          uniq_amaemon
D:9:      layout_loops_cross, ploomutoo_gammafunk_ghost_potion_laboratory
D:10:     gammafunk_boulding_lane, layout_long_grid,
          lemuel_coloured_pillars_altar, amcnicky_altar_gilded,
          nicolae_wu_jian_wuxing_cycle, orc_0_dummy,
          chequers_serial_rivers_micro_e
Temple:   hellmonk_temple_micro_hex

Skill      XL: |  1  2  3  4  5  6  7  8  9 10 |
---------------+-------------------------------+-----
Dodging        | 2 3 |  3.1
Spellcasting   | 3 5 6 |  6.3
Air Magic      | 1 4 6 |  6.0
Fire Magic     | 3 4 |  4.7
Translocations | 1 3 5 |  5.0
Conjurations   | 2 4 7 |  7.2
Poison Magic   | 7 |  7.0
Stealth        | |  1.7
Transmutations | |  0.8

Action                     |  1- 3 |  4- 6 |  7- 9 | 10-12 || total
---------------------------+-------+-------+-------+-------++-------
  Melee: Unarmed           |    10 |       |       |       ||    10
         Whip              |    18 |    73 |   195 |    33 ||   319
         Touch             |     5 |     8 |    42 |     4 ||    59
         Punch             |       |     1 |     3 |       ||     4
   Cast: Sting             |    84 |    85 |   129 |    30 ||   328
         Poisonous Vapours |     1 |    17 |    25 |    12 ||    55
         Mephitic Cloud    |       |       |    15 |     9 ||    24
         Volatile Blastmot |       |       |     2 |       ||     2
         Iskenderun's Myst |       |       |    10 |     6 ||    16
         Blink             |       |       |     1 |       ||     1
         Olgreb's Toxic Ra |       |       |       |     4 ||     4
    Use: Scroll            |     5 |     9 |     6 |     1 ||    21
         Potion            |       |       |    13 |       ||    13
   Stab: Confused          |       |       |     3 |     1 ||     4
         Distracted        |       |       |       |     1 ||     1
 Armour: Robe              |    21 |   105 |   155 |    33 ||   314
  Dodge: Dodged            |    34 |   125 |   150 |    24 ||   333
  Block: Other             |     2 |    29 |    36 |     6 ||    73

Table legend: (Time is in decaauts)
 A = Elapsed time spent in this place.
 B = Non-inter-level travel time spent in this place.
 C = Inter-level travel time spent in this place.
 D = Time resting spent in this place.
 E = Time spent auto-exploring this place.
 F = Levels seen in this place.
 G = Mean time per level.
                   A        B        C        D        E       F      G
               +--------+--------+--------+--------+--------+-----+--------+
         Total |  12060 |  10903 |   1157 |   1308 |   7502 |  11 | 1096.4 |
       Dungeon |  12049 |  10900 |   1149 |   1308 |   7502 |  10 | 1204.9 |
        Temple |     10 |      2 |      8 |      0 |      0 |   1 |   10.0 |
               +--------+--------+--------+--------+--------+-----+--------+

Top non-repeatable levels by time:
     D:4: 1876 daAuts
     D:3: 1724 daAuts
     D:7: 1669 daAuts
     D:5: 1533 daAuts
     D:9: 1338 daAuts
     D:1: 1068 daAuts
     D:6: 1031 daAuts
     D:2: 722 daAuts
    D:10: 612 daAuts
     D:8: 473 daAuts
  Temple: 10 daAuts
